 Dungeon Crawl Stone Soup version 0.28-a0-239-g68911e0c57 (webtiles) character file.

Game seed: 7472264978523665167

139 Colgate the Ruffian (level 5, -1/50 HPs)
             Began as a Troll Berserker on Aug 23, 2021.
             Was a Believer of Trog.
             Slain by Robin (6 damage)
             ... on level 2 of the Dungeon.
             The game lasted 00:00:56 (1527 turns).

Colgate the Ruffian (Troll Berserker)               Turns: 1527, Time: 00:00:56

Health: -1/50      AC:  4    Str: 26    XL:     5   Next: 1%
Magic:  4/4        EV: 10    Int:  3    God:    Trog [**....]
Gold:   117        SH:  0    Dex:  9    Spells: 4/4 levels left

rFire   + . .      SeeInvis .     - Unarmed
rCold   + . .      Faith    .   (no shield)
rNeg    . . .      Spirit   .   a - +0 animal skin
rPois   .          Reflect  .   (helmet restricted)
rElec   .          Harm     .   d - scarf {rC+ rF+}
rCorr   .          Rampage  .   (gloves unavailable)
Will    .....                   (boots unavailable)
Stlth   +.........              (no amulet)
HPRegen 1.16/turn               (no ring)
MPRegen 0.09/turn               (no ring)

@: on berserk cooldown, slowed, very slow
A: large, unfitting armour, claws 3, regeneration 1, shaggy fur 1, tough skin 1
a: Renounce Religion, Berserk, Trog's Hand


You were on level 2 of the Dungeon.
You worshipped Trog.
Trog was pleased with you.
You visited 1 branch of the dungeon, and saw 4 of its levels.

You collected 143 gold pieces.
You spent 26 gold pieces at shops.


Innate Abilities, Weirdness & Mutations

You are too large for most types of armour.
You have claws for hands.
Your natural rate of healing is unusually fast.
You are covered in fur. (AC +1)
You have tough skin. (AC +1)


   Skills:
 - Level 2.4 Fighting
 - Level 2.4 Dodging
 + Level 5.7 Unarmed Combat


You had 4 spell levels left.
You didn't know any spells.
Your spell library was empty.

Inventory:

Missiles
 h - 2 javelins
Armour
 a - a +0 animal skin (worn)
 d - a scarf of resistance (worn)
Scrolls
 c - a scroll of identify
 f - a scroll of holy word {unknown}
 g - a scroll of enchant armour {unknown}
 i - a scroll of magic mapping {unknown}
Potions
 b - a potion of might {unknown}
 e - a potion of resistance

Dungeon Overview and Level Annotations

Branches:
Dungeon (4/15)
 Temple: D:4-7

Altars:

Shops:
D:1 ?

Annotations:
D:2 Robin


Message History

You mangle the goblin!!
You kill the goblin!
Trog accepts your kill.
Robin drinks a potion.
Robin flickers and vanishes!
Deactivating autopickup; reactivate with Ctrl-A.
You have reached level 5!
You swing at nothing.
Something hits you!
You swing at nothing.
You feel a strong urge to attack something.
You swing at nothing.
Something hits you but does no damage.
You swing at nothing.
You feel your anger nearly subside.
You are no longer berserk.
You are exhausted.
You feel yourself slow down. Something completely misses you.
You swing at nothing.
Something hits you!
You swing at nothing.
Something hits you!
You swing at nothing.
Something throws the goblin at you! The goblin closely misses you.
Something hits you.
You scratch the goblin.
The goblin is severely wounded.
The goblin closely misses you. Something hits you.
You claw the goblin!
You kill the goblin!
Trog accepts your kill. Something hits you.
You swing at nothing.
Something hits you.
You swing at nothing.
Something hits you. x2
You swing at nothing.
You swing at nothing.
Something hits you.
You swing at nothing.
Something hits you! Something hits you.
You die...

..##.####.........
#.# .#.##.#
#......... #.#
.#.##.# #.........
###.#### ......#
#......... #.......
##.#### #.........
#(#.#### ......#
##'####### #.#.#
#####.# #.# #.#.#
#.#
#.##############.#.#
#.#
#.##.)@).........#.#
#.#
#.##{#############.#
#####.# #.##. #.#
......# #.##.
.###### #.##g .#
#.##. .# #.###
.##########.#
............#


There were no monsters in sight!

Vanquished Creatures
  A scorpion (D:3)
  3 adders
  6 ball pythons
  6 bats
  6 endoplasms
  3 giant cockroaches
  10 goblins
  3 hobgoblins (D:2)
  2 jackals (D:2)
  5 kobolds (D:2)
  5 rats
50 creatures vanquished.

Notes
Turn   | Place    | Note
-------+----------+-------------------------------------------
     0 | D:1      | Colgate the Troll Berserker began the quest for the Orb.
     0 | D:1      | Reached XP level 1. HP: 22/22 MP: 0/0
     0 | D:1      | 0 ||| counter = 26
   242 | D:1      | Found a faded altar of an unknown god.
   282 | D:1      | Reached XP level 2. HP: 29/29 MP: 1/1
   298 | D:1      | Found Dukk's Magic Scroll Emporium.
   306 | D:1      | 306 ||| SHOPLISTING scroll of acquirement (676 gold, have
                  | 44).
   306 | D:1      | 306 ||| BUYING scroll of identify (26 gold).
   306 | D:1      | Bought a scroll of identify for 26 gold pieces
   306 | D:1      | 306 ||| SHOPLISTING scroll of identify (26 gold, have 18).
   306 | D:1      | 306 ||| SHOPLISTING scroll of teleportation (39 gold, have
                  | 18).
   596 | D:1      | 596 ||| UPGRADING to scarf of resistance.
   601 | D:1      | 601 ||| READING scroll labelled TEKLYA BYQICK.
   613 | D:1      | 613 ||| DRINKING 2 golden potions.
   719 | D:2      | Reached skill level 4 in Unarmed Combat
   829 | D:2      | Reached XP level 3. HP: 35/36 MP: 2/2
   856 | D:2      | Reached ** piety under Trog
   889 | D:2      | You fall into a shaft and drop 2 floors!
   890 | D:4      | 890 ||| Shafted from D:2 to D:4.
   975 | D:3      | Noticed a scorpion
   980 | D:3      | Killed a scorpion
   981 | D:3      | Reached skill level 5 in Unarmed Combat
   981 | D:3      | Reached XP level 4. HP: 44/44 MP: 3/3
   985 | D:2      | 985 ||| Successfully unshafted to D:2.
  1497 | D:2      | Noticed Robin
  1510 | D:2      | 1510 ||| INVOKING Berserk.
  1514 | D:2      | Reached XP level 5. HP: 50/50 MP: 4/4
  1526 | D:2      | HP: 11/50 [something (5)]
  1527 | D:2      | HP: 5/50 [something (8)]
  1527 | D:2      | Slain by Robin

Levels and vault maps discovered:
D:1:      scummos_arrival_simple_crosswalls, layout_loops_cross,
          shapermc_ecumenical_altar_notcrosses, serial_shops,
          nicolae_shop_waterfront
D:2:      layout_basic, uniq_robin
D:3:      layout_loops_corners, gup_sewer_entry_bowl, uniq_crazy_yiuf_cottage
D:4:      layout_rooms, minmay_misc_feat_square

Skill      XL: |  1  2  3 |
---------------+----------+-----
Unarmed Combat | 4 5 |  5.7
Fighting       | |  2.4
Dodging        | |  2.4

Action                   |  1- 3 |  4- 6 || total
-------------------------+-------+-------++-------
Melee: Unarmed           |    67 |    51 ||   118
Invok: Berserk           |       |     1 ||     1
  Use: Scroll            |     1 |       ||     1
       Potion            |     1 |       ||     1
Armor: Animal skin       |    22 |    17 ||    39
Dodge: Dodged            |    27 |    31 ||    58

Table legend:
 A = Non-vault XP
 B = Vault XP
 C = Vault XP percentage of total XP
 D = Non-vault monster count
 E = Vault monster count
 F = Vault count percentage of total count
                 A         B        C        D         E       F
            +---------+---------+-------+---------+---------+-------
      Total |     187 |      12 |   6.0 |      44 |       6 |  12.0
            +---------+---------+-------+---------+---------+-------
        D:1 |      24 |       0 |   0.0 |      14 |       0 |   0.0
        D:2 |      53 |      12 |  18.5 |      26 |       6 |  18.8
        D:3 |      83 |       0 |   0.0 |       1 |       0 |   0.0
        D:4 |      27 |       0 |   0.0 |       3 |       0 |   0.0
            +---------+---------+-------+---------+---------+-------
